 Dungeon Crawl Stone Soup version 0.20.0-15-g7f486f2 (webtiles) character file.

4304 Kosschaser the Basher (level 10, -9/63 HPs)
             Began as a Gargoyle Fighter on June 10, 2017.
             Was a Believer of Makhleb.
             Killed by divine providence
             ... invoked by a smoke demon
              (17 damage)
             ... on level 2 of the Abyss.
             The game lasted 00:22:39 (8338 turns).

Kosschaser the Basher (Gargoyle Fighter)            Turns: 8338, Time: 00:22:40

Health: -9/63      AC: 12    Str: 26    XL:     10   Next: 32%
Magic:  10/10      EV: 14    Int: 14    God:    Makhleb [**....]
Gold:   417        SH: 12    Dex: 16    Spells: 9/9 levels left

rFire    . . .     SeeInvis .   M - +2 whip (flame)
rCold    . . .     Gourm    .   c - +0 shield
rNeg     + . .     Faith    .   I - +0 robe of the Solstice {Str+4 Int+2 Dex+6}
rPois    ∞         Spirit   .   z - +2 hat
rElec    +         Reflect  .   (no cloak)
rCorr    .         Harm     .   (no gloves)
MR       .....                  F - +0 pair of boots
Stlth    ++........             u - amulet of regeneration
Regen    0.6/turn               i - +3 ring of intelligence
MPRegen  0.2/turn               (no ring)

@: no status effects
A: negative energy resistance 1, electricity resistance, unbreathing,
petrification resistance, rot immunity, AC +7
a: Minor Destruction, Renounce Religion


You were on level 2 of the Abyss.
You worshipped Makhleb.
Makhleb was pleased with you.
You were hungry.

You visited 1 branch of the dungeon, and saw 8 of its levels.
You visited the Abyss 1 time.

You collected 417 gold pieces.

Inventory:

Hand Weapons
 a - a +0 flail
 M - a +2 whip of flaming (weapon)
Armour
 b - a +0 scale mail
 c - a +0 shield (worn)
 z - a +2 hat (worn)
 F - a +0 pair of boots (worn)
 I - the +0 robe of the Solstice (worn) {Str+4 Int+2 Dex+6}
   (You found it on level 5 of the Dungeon)

   It affects your strength (+4).
   It affects your intelligence (+2).
   It affects your dexterity (+6).
Jewellery
 i - a +3 ring of intelligence (left hand)
 u - an amulet of regeneration (around neck)
Wands
 e - a wand of lightning (6/15)
 s - a wand of scattershot (6/9)
 D - a wand of random effects (33/48)
Scrolls
 j - a scroll of fear {unknown}
 m - 2 scrolls of enchant armour
 n - 4 scrolls of recharging
 o - 2 scrolls of fog {unknown}
 q - 2 scrolls of blinking {unknown}
 r - 2 scrolls of remove curse
 y - 3 scrolls of amnesia
Potions
 d - 3 potions of might
 g - a potion of berserk rage {unknown}
 h - a potion of agility {unknown}
 p - a potion of cancellation {unknown}
 t - a potion of experience {unknown}
 v - 2 potions of heal wounds {unknown}
 w - a potion of ambrosia {unknown}
 x - a potion of resistance
 A - a potion of magic
 E - a potion of brilliance {unknown}
 G - a potion of mutation {unknown}
 K - 2 potions of lignification {unknown}
 L - a potion of flight {unknown}
Books
 N - a book of Debilitation

   Spells                             Type                      Level
   a - Corona                         Hexes                        1
   b - Slow                           Hexes                        2
   c - Inner Flame                    Hexes/Fire                   3
   d - Portal Projectile              Hexes/Translocation          3
   e - Cause Fear                     Hexes                        4
   f - Leda's Liquefaction            Hexes/Earth                  4
Comestibles
 f - a bread ration
 l - 5 fruits
 B - 2 meat rations
 H - a royal jelly


   Skills:
 + Level 7.1 Fighting
 + Level 9.1 Maces & Flails
 + Level 5.6 Armour
 + Level 5.0 Dodging
 - Level 0.2 Stealth
 + Level 8.5 Shields


You had 9 spell levels left.
You didn't know any spells.

Dungeon Overview and Level Annotations

Branches:
Dungeon (9/15)               Lair (0/6) D:9
 Temple: D:4-7          Orc: D:9-12

Altars:
Ashenzari
Cheibriados
Elyvilon
Makhleb
Nemelex Xobeh
Qazlal
Trog
Xom
Zin

Shops:
D:9 [

Annotations:
D:9 Erolcha


Innate Abilities, Weirdness & Mutations

You are resistant to torment.
Your stone body is resilient. (AC +7)
You are immune to poison.
You resist negative energy. (rN+)
You are resistant to electric shocks. (rElec)
You can survive without breathing.
You are immune to petrification.
You are immune to rotting.


Message History

* * * LOW HITPOINT WARNING * * *
You enter the shallow water.
Moving in this stuff is going to be slow.
You block the fire bat's attack. The fire bat misses you.
The small abomination barely misses you.
The smoke demon gestures at you. Something smites you!
* * * LOW HITPOINT WARNING * * *
The small abomination hits you.
* * * LOW HITPOINT WARNING * * *
Unknown command.
You block the fire bat's attack. x2
You block the fire bat's attack.
Okay, then.
You feel better. You block the fire bat's attack.
The small abomination closely misses you.
The fire bat bites you but does no damage. x2
The smoke demon gestures at you. Something smites you!
You die...

...#..##.. #..## ... .
...##§x#.# # #
..#....b..#. # #.
....##x##.# ###...
.......# .. ##.##.. ...
.#.# . #≈≈≈##. . ....# .
#.≈≈≈##..... .. .
###≈≈b@####..##..#
#.≈≈≈x#≈≈##..##.. .
#.##.3..≈#......... .#
#.#####≈X###....... .#.#
#.....≈..≈X..##..##..###
###.####≈###.##..# ..#
≈≈≈≈≈ ....... .#
≈≈≈.####........ . ≈≈≈≈.
### ..##..


You could see a large abomination, a smoke demon, a small abomination and a fire
bat.

Vanquished Creatures
  Pikel (D:6)
  Maurice (D:9)
  A hornet (D:7)
  Grinder (D:5)
  Sigmund (D:4)
  2 basilisks (D:9)
  A hungry ghost (D:7)
  3 porcupines (D:9)
  Duvessa (D:7)
  2 black bears (D:9)
  A sky beast (D:7)
  2 slaves (D:6)
  An ogre (D:4)
  3 wolves (D:9)
  A crocodile (D:9)
  A big kobold (D:7)
  3 bullfrogs
  A gnoll sergeant (D:6)
  Dowan (D:7)
  2 scorpions
  A water moccasin skeleton (D:6)
  2 crimson imps
  A bullfrog zombie (D:5)
  A quasit (D:6)
  2 jellies
  5 orc priests
  3 hounds (D:4)
  2 bullfrog skeletons
  2 orc wizards
  Ijyb (D:3)
  An iguana (D:9)
  2 worker ants
  2 hound skeletons
  A howler monkey zombie (D:9)
  15 gnolls
  7 adders
  2 shadow imps
  An ooze (D:7)
  An adder zombie (D:5)
  A worm (D:4)
  3 dart slugs
  4 leopard geckos
  18 orcs
  9 bats
  2 giant cockroaches (D:3)
  8 goblins
  4 hobgoblins
  3 jackals (D:7)
  2 ball pythons
  5 frilled lizards
  7 kobolds
  9 rats
157 creatures vanquished.

Vanquished Creatures (others)
  A black bear (D:9)
  A bullfrog (D:6)
  A crimson imp (D:6)
3 creatures vanquished.

Grand Total: 160 creatures vanquished

Notes
Turn   | Place    | Note
-------+----------+-------------------------------------------
     0 | D:1      | Kosschaser the Gargoyle Fighter began the quest for the Orb.
     0 | D:1      | Reached XP level 1. HP: 14/14 MP: 1/1
   261 | D:1      | Reached XP level 2. HP: 19/19 MP: 2/2
   802 | D:2      | Reached XP level 3. HP: 23/24 MP: 3/3
  1035 | D:2      | Found a white marble altar of Elyvilon.
  1563 | D:2      | Found a stormy altar of Qazlal.
  1948 | D:1      | Reached XP level 4. HP: 4/29 MP: 4/4
  2229 | D:2      | Reached skill level 3 in Maces & Flails
  2592 | D:3      | Noticed Ijyb
  2600 | D:3      | Killed Ijyb
  2600 | D:3      | Reached XP level 5. HP: 22/33 MP: 5/5
  2643 | D:3      | Found a shattered altar of Ashenzari.
  3030 | D:3      | Reached skill level 1 in Dodging
  3744 | D:3      | Reached XP level 6. HP: 37/38 MP: 6/6
  3798 | D:4      | Noticed Sigmund
  4057 | D:4      | Reached skill level 4 in Maces & Flails
  4237 | D:4      | Found a bloodstained altar of Trog.
  4250 | D:4      | Found a snail-covered altar of Cheibriados.
  4391 | D:4      | Reached skill level 5 in Shields
  4391 | D:4      | Reached XP level 7. HP: 44/44 MP: 7/7
  4844 | D:4      | Killed Sigmund
  4844 | D:4      | Reached skill level 5 in Armour
  5069 | D:5      | Entered Level 5 of the Dungeon
  5176 | D:5      | Found a burning altar of Makhleb.
  5181 | D:5      | Became a worshipper of Makhleb the Destroyer
  5236 | D:5      | Reached skill level 5 in Maces & Flails
  5471 | D:5      | Found a sparkling altar of Nemelex Xobeh.
  5775 | D:5      | Got a colourful robe
  5786 | D:5      | Identified the +0 robe of the Solstice {Str+4 Int+2 Dex+6} (You found it on level 5 of the Dungeon)
  6221 | D:6      | Noticed Grinder
  6284 | D:6      | Noticed Pikel
  6306 | D:6      | Killed Pikel
  6306 | D:6      | Reached skill level 5 in Fighting
  6306 | D:6      | Reached skill level 6 in Maces & Flails
  6306 | D:6      | Reached XP level 8. HP: 28/49 MP: 8/8
  6619 | D:6      | Paralysed by Grinder for 4 turns
  6931 | D:5      | Paralysed by Grinder for 5 turns
  6941 | D:5      | Killed Grinder
  6941 | D:5      | Reached skill level 7 in Maces & Flails
  6941 | D:5      | Reached XP level 9. HP: 39/54 MP: 9/9
  7206 | D:7      | Found a shattered altar of Ashenzari.
  7206 | D:7      | Noticed a hornet
  7231 | D:7      | Killed a hornet
  7231 | D:7      | Reached * piety under Makhleb
  7442 | D:7      | Found Coiqoqar's Antique Armour Boutique.
  7602 | D:7      | Noticed Duvessa
  7605 | D:7      | Noticed Dowan
  7631 | D:7      | Killed Duvessa
  7652 | D:7      | Killed Dowan
  7673 | D:7      | You fall through a shaft for 2 floors!
  7673 | D:9      | Found Xopinem's Antique Armour Shoppe.
  7673 | D:9      | Noticed Erolcha
  7677 | D:9      | Noticed an angel
  7678 | D:9      | Found a shimmering altar of Xom.
  7678 | D:9      | Found a glowing silver altar of Zin.
  7681 | D:9      | Noticed Maurice
  7697 | D:9      | Killed Maurice
  7697 | D:9      | Reached skill level 8 in Maces & Flails
  7828 | D:9      | Reached XP level 10. HP: 61/61 MP: 10/10
  7905 | D:9      | Reached ** piety under Makhleb
  7946 | D:9      | Reached skill level 9 in Maces & Flails
  7976 | D:9      | Reached skill level 5 in Dodging
  8049 | D:9      | Found a staircase to the Lair.
  8142 | D:9      | Cast into level 2 of the Abyss (Erolcha)
  8171 | Abyss:2  | Noticed a large abomination
  8251 | Abyss:2  | Found a corrupted altar of Lugonu.
  8266 | Abyss:2  | Noticed a large abomination
  8269 | Abyss:2  | Noticed a thrashing horror
  8289 | Abyss:2  | Noticed a glowing orange brain
  8325 | Abyss:2  | Noticed a smoke demon
  8334 | Abyss:2  | HP: 1/63 [small abomination (6)]
  8338 | Abyss:2  | Killed from afar by a smoke demon

Skill      XL: |  1  2  3  4  5  6  7  8  9 10 |
---------------+-------------------------------+-----
Shields        | 4 5 6 8 |  8.5
Maces & Flails | 3 4 6 7 8 9 |  9.1
Fighting       | 4 5 6 7 |  7.1
Armour         | 4 5 |  5.6
Dodging        | 1 2 3 4 5 |  5.0
Stealth        | |  0.2

Action                   |  1- 3 |  4- 6 |  7- 9 | 10-12 || total
-------------------------+-------+-------+-------+-------++-------
Melee: Flail             |   160 |   171 |   137 |       ||   468
       Whip              |       |       |   364 |   128 ||   492
  Use: Scroll            |       |     1 |    16 |       ||    17
       Potion            |       |       |       |     1 ||     1
 Stab: Sleeping          |       |       |     1 |       ||     1
  Eat: Chunk             |     2 |     5 |    14 |     1 ||    22
       Bread ration      |       |     1 |       |       ||     1
Armor: Scale mail        |   101 |    87 |    56 |       ||   244
       Robe              |       |       |   115 |    22 ||   137
Dodge: Dodged            |    69 |    58 |   171 |    48 ||   346
Block: Shield            |    93 |   112 |   241 |    56 ||   502
